 Dungeon Crawl Stone Soup version bcrawl-1.37.2 (webtiles) character file.

Game seed: 13582880274126451422

140039 Baz the Skirmisher (level 4, -5/31 HPs)
             Began as an Octopode Chaos Knight on Feb 13, 2023.
             Was a Plaything of Xom.
             Killed from afar by an orc wizard (6 damage)
             ... with a puff of frost
             ... on level 3 of the Dungeon.
             The game lasted 00:03:09 (1547 turns).

Baz the Skirmisher (Octopode Chaos Knight)          Turns: 1547, Time: 00:03:09

Health: -5/31      AC:  1    Str: 12    XL:     4   Next: 37%
Magic:  4/4        EV: 13    Int: 16    God:    Xom [....*.]
Gold:   119        SH:  0    Dex: 11    Spells: 3/3 levels left

rFire    . . .     GDR:     23% m - +1 dagger (freeze)
rCold    . . .     SeeInvis .   (no shield)
rNeg     . . .     Gourm    .   (helmet restricted)
rPois    .         Faith    .   (cloak restricted)
rElec    .         Spirit   .   (no amulet)
rCorr    .         Reflect  .   (no ring)
MR       .....                  (no ring)
Stlth    +++.......             (no ring)
HPRegen  0.15/turn              (no ring)
MPRegen  0.09/turn              (no ring)
                                (no ring)
                                (no ring)
                                (no ring)

@: no status effects
A: almost no armour, stealthy swim, resist paralysis, amphibious, 8 rings,
constrict 8, camouflage 1, clever 1, gelatinous body 1, evolution 1, MP-powered
wands
a: Renounce Religion


You were on level 3 of the Dungeon.
You worshipped Xom.
You were a beloved toy of Xom.
You were not hungry.

You visited 1 branch of the dungeon, and saw 3 of its levels.

You collected 119 gold pieces.

Inventory:

Hand Weapons
 a - a +0 short sword of chaos
 m - a +1 dagger of freezing (weapon)
Jewellery
 g - an uncursed ring of wizardry
Wands
 d - a wand of disintegration (18)
 k - a wand of polymorph (12)
Scrolls
 b - 3 scrolls of teleportation
 h - 2 scrolls of enchant weapon
 l - a scroll of immolation {unknown}
 n - a scroll of amnesia {unknown}
Potions
 c - a potion of curing
 f - 2 potions of lignification
 j - 2 potions of mutation
 o - a potion of heal wounds
Comestibles
 e - 8 rations {!d}
 p - 8 chunks of flesh


   Skills:
 + Level 3.5 Fighting
 + Level 3.4 Short Blades
 + Level 2.9 Dodging
 * Level 3.2 Stealth


You had 3 spell levels left.
You didn't know any spells.
Your spell library was empty.

Dungeon Overview and Level Annotations

Branches:
Dungeon (3/12)

Altars:
Xom


Innate Abilities, Weirdness & Mutations

You cannot wear most types of armour.
You are very stealthy in the water. (Stealth+)
Your unusual nervous system resists paralysis.
You are amphibious.
You can wear up to eight rings at the same time.
You can use your tentacles to constrict eight enemies at once.
Your skin changes colour to match your surroundings (Stealth+).
Your rubbery body absorbs attacks. (AC +1, EV +1)
Your mind is acute. (Int +2)
You evolve.
You expend magic power (3 MP) to strengthen your wands.


Message History

You hear a shout!
The orc wizard gestures at you while chanting.
The magic dart hits you.
No path to travel!
The orc wizard casts a spell at you. The magic dart hits you!
A shower of butterflies erupts from you!
You swap places.
The orc wizard misses your butterfly.
You swap places.
The orc wizard barely misses your butterfly.
The orc wizard hits you with a cursed -3 dagger.
The orc wizard looks satisfied for a moment.
The orc wizard gestures at you while chanting.
The puff of frost hits you!
* * * LOW HITPOINT WARNING * * *
There is a stone staircase leading up here.
The orc wizard gestures at you while chanting.
The puff of frost hits you.
You die...
Xom cackles wildly!

#.^.......##.###
#.###..##
#.#######..#...#
#.#..รท.#
##.###.#####...##.#
#.###........###.#
#....###.....# #.#
####.........###.## #
#........####.......#.
....##########..........
#...@.o.b.bb...##.#..
#.###############.##.
#o### ###### #.# .###
#....# ###.###
.o..o####....# ##......
..#...o.....# #..#####
.oo(........)###o##
#.######.....##..#


You could see an orc wizard.

Vanquished Creatures
  Terence (D:2)
  An ooze (D:3)
  A worm (D:2)
  2 dart slugs
  A leopard gecko (D:1)
  An orc (D:3)
  4 goblins
  6 hobgoblins
  6 jackals (D:3)
  6 bats
  3 frilled lizards
  3 kobolds
  6 rats
41 creatures vanquished.

Notes
Turn   | Place    | Note
-------+----------+-------------------------------------------
     0 | D:1      | Baz the Octopode Chaos Knight began the quest for the Orb.
     0 | D:1      | Reached XP level 1. HP: 16/16 MP: 1/1
    75 | D:1      | Reached skill level 1 in Stealth
    75 | D:1      | Reached XP level 2. HP: 19/21 MP: 2/2
    89 | D:1      | XOM: harmless Erth miscast
   161 | D:1      | XOM: give mutations
   161 | D:1      | Gained mutation: You expend magic power (3 MP) to
                  | strengthen your wands. [Xom's grace]
   161 | D:1      | Gained mutation: You evolve. [Xom's grace]
   161 | D:1      | Gained mutation: Your mind is acute. (Int +2) [Xom's grace]
   775 | D:2      | Reached XP level 3. HP: 23/26 MP: 3/3
   970 | D:2      | Noticed Terence
   978 | D:2      | XOM: scenery: create altars
  1085 | D:2      | XOM: polymorph kobold -> dart slug
  1115 | D:2      | Killed Terence
  1116 | D:2      | Reached XP level 4. HP: 31/31 MP: 4/4
  1539 | D:3      | XOM: butterfly on damage
  1546 | D:3      | HP: 1/31 [orc wizard/puff of frost (12)]
  1547 | D:3      | Killed from afar by an orc wizard

Skill      XL: |  1  2  3  4 |
---------------+-------------+-----
Stealth        | 1 2 3 |  3.2
Fighting       | |  3.5
Short Blades   | |  3.4
Dodging        | |  2.9

Action                   |  1- 3 |  4- 6 || total
-------------------------+-------+-------++-------
Melee: Short sword       |    49 |       ||    49
       Constrict         |    15 |     3 ||    18
       Tentacles         |    13 |     6 ||    19
       Dagger            |     7 |    25 ||    32
  Use: Scroll            |     3 |     2 ||     5
 Stab: Sleeping          |     4 |     2 ||     6
  Eat: Chunk             |     2 |     2 ||     4
Armor: Skin              |     5 |     3 ||     8
Dodge: Dodged            |    49 |    13 ||    62
